 Dungeon Crawl Stone Soup version 0.16-b1-50-gfa2055b (webtiles) character file.

309176 silatar the Slayer (level 19, -23/191 HPs)
             Began as a Minotaur Fighter on Mar 10, 2015.
             Was a High Priest of Makhleb.
             Killed from afar by a Hell Sentinel (33 damage)
             ... with a blast of hellfire
             ... on level 1 of the Abyss on Mar 11, 2015.
             The game lasted 04:49:59 (40686 turns).

silatar the Slayer (Minotaur Fighter)              Turns: 40686, Time: 04:49:59

Health: -23/191    AC: 29    Str: 27      XL:     19   Next: 98%
Magic:  49/49      EV:  8    Int:  3 (10) God:    Makhleb [*****.]
Gold:   3074       SH:  9    Dex: 12 (15) Spells: 1 memorised, 16 levels left

rFire  + + +     SeeInvis .     B - +5 hand axe of a Thousand Songs {holy, MR++}
rCold  x . .     Rnd*Rage +     C - +6 plate armour {rF+}
rNeg   . . .     SustAb   .     q - +1 buckler {rF+}
rPois  +         Gourm    .     a - +2 hat {MR+}
rElec  .         Spirit   .     X - +2 cloak {rPois}
rCorr  .         Warding  .     Q - -1 pair of gloves "Brydeb" {Contam +Fly MP+9 Str+3 Int+4}
rMut   .         Stasis   .     (no boots)
MR     +++++                    P - amulet "Elywn" {Contam Regen+ MP+9 Int+3}
Stlth  ..........               s - ring "Heuph" {Fire Contam MR++}
                                h - ring "Noext" {+Blink +Inv}

@: about to teleport, lost intelligence, very slow, almost entirely resistant to
hostile enchantments, extremely unstealthy
A: retaliatory headbutt, horns 2, berserk 1, deterioration 1, dopey 1, slow
healing 1, forlorn
a: Minor Destruction, Lesser Servant of Makhleb, Major Destruction, Greater
Servant of Makhleb, Renounce Religion, Evoke Blink, Evoke Invisibility, Evoke
Flight
}: 3/15 runes: serpentine, barnacled, abyssal


You were on level 1 of the Abyss.
You worshipped Makhleb.
Makhleb was extremely pleased with you.
You were hungry.

You visited 7 branches of the dungeon, and saw 37 of its levels.
You visited the Abyss 2 times.
You also visited: Labyrinth, Ossuary and Ice Cave.

You collected 4992 gold pieces.
You spent 1918 gold pieces at shops.

Inventory:

Hand weapons
 c - a +6 mace of holy wrath
 B - the +5 hand axe of a Thousand Songs (weapon) {holy, MR++}
   (You found it on level 2 of the Abyss)

   It has been blessed by the Shining One to cause great damage to the undead
   and demons.
   It affects your resistance to hostile enchantments.
 H - a +8 war axe of freezing
 N - a +4 executioner's axe of electrocution
 W - the +7 flail "Jaiwie" {distort, Int+4 SInv}
   (You took it off a deep elf knight on level 3 of the Elven Halls)

   It warps and distorts space around it.
   Unwielding it can cause banishment or high damage.
   It affects your intelligence (+4).
   It enhances your eyesight.
 Y - the +14 obsidian axe {chop, +Fly Str+3 SInv Curse}
   (You found it on level 3 of the Elven Halls)

   It inflicts extra damage upon your enemies.
   It affects your strength (+3).
   It enhances your eyesight.
   It lets you fly.
   It may re-curse itself when equipped.
Armour
 a - a +2 hat of magic resistance (worn)
 q - a +1 buckler of fire resistance (worn)
 v - a +1 ring mail of magic resistance
 C - a +6 plate armour of fire resistance (worn)
 J - a +8 chain mail of poison resistance
 Q - the -1 pair of gloves "Brydeb" (worn) {Contam +Fly MP+9 Str+3 Int+4}
   (You found it on level 5 of the Lair of Beasts)

   It affects your strength (+3).
   It affects your intelligence (+4).
   It affects your magic capacity (+9).
   It lets you fly.
   It causes magical contamination when unequipped.
 X - a +2 cloak of poison resistance (worn)
Jewellery
 h - the ring "Noext" (left hand) {+Blink +Inv}
   (You bought it in a shop on level 3 of the Snake Pit)

   [ring of invisibility]

   It lets you turn invisible.
   It lets you blink.
 s - the ring "Heuph" (right hand) {Fire Contam MR++}
   (You took it off a deep elf annihilator on level 3 of the Elven Halls)

   [ring of fire]

   It enhances your fire magic, and weakens your ice magic.
   It protects you from fire.
   It makes you vulnerable to cold.
   It affects your resistance to hostile enchantments.
   It causes magical contamination when unequipped.
 w - an uncursed ring of poison resistance
 A - an uncursed amulet of faith
 K - an uncursed amulet of resist corrosion
 M - the ring "Reit" {rF- rC+ MR+ Str+5 Int-5 SInv}
   (You took it off a deep elf knight on level 3 of the Elven Halls)

   [ring of see invisible]

   It affects your strength (+5).
   It affects your intelligence (-5).
   It makes you vulnerable to fire.
   It protects you from cold.
   It affects your resistance to hostile enchantments.
   It enhances your eyesight.
 P - the amulet "Elywn" (around neck) {Contam Regen+ MP+9 Int+3}
   (You found it on level 4 of the Snake Pit)

   [amulet of regeneration]

   It affects your intelligence (+3).
   It affects your magic capacity (+9).
   It causes magical contamination when unequipped.
   It increases your rate of regeneration.
 Z - the ring "Jeludd" {Fire +Inv MR+ Int-2 Dex+7}
   (You took it off a deep elf demonologist on level 3 of the Elven Halls)

   [ring of fire]

   It enhances your fire magic, and weakens your ice magic.
   It affects your intelligence (-2).
   It affects your dexterity (+7).
   It protects you from fire.
   It makes you vulnerable to cold.
   It affects your resistance to hostile enchantments.
   It lets you turn invisible.
Magical devices
 j - a wand of teleportation (3)
 G - a wand of digging (24)
Scrolls
 f - 4 scrolls of enchant weapon
 k - 7 scrolls of teleportation
 l - 3 scrolls of identify
 n - 3 scrolls of blinking
 r - 4 scrolls of recharging
 x - 2 scrolls of fog
 y - 6 scrolls of magic mapping
 D - 5 scrolls of fear
 T - 8 scrolls of remove curse
Potions
 b - 2 potions of resistance
 e - 4 potions of might
 g - 3 potions of restore abilities
 p - a potion of flight {unknown}
 u - 3 potions of haste
 F - 3 potions of magic
 O - a potion of cancellation
Miscellaneous
 L - a phantom mirror
 R - a phial of floods
 S - a disc of storms
 U - a plain deck of defence {drawn: 1}
Comestibles
 d - 23 bread rations
 i - 2 chunks of flesh
 m - 17 beef jerkies
 o - 11 meat rations
 t - 3 slices of pizza
 V - 44 fruits


   Skills:
 * Level 22.1 Fighting
   Level 6.1 Long Blades
 + Level 18.5(19.4) Axes
 - Level 10.7(15.7) Maces & Flails
 + Level 14.7 Armour
 + Level 18.1 Shields
 + Level 1.5 Unarmed Combat
 * Level 13.7 Invocations
 - Level 5.7 Evocations


You had 16 spell levels left.
You knew the following spells:

 Your Spells              Type           Power        Failure   Level  Hunger
a - Blink                 Tloc           N/A          100%        2    ###....


Dungeon Overview and Level Annotations

Branches:
Dungeon (11/15)            Temple (1/1) D:7            Lair (8/8) D:10
 Shoals (5/5) Lair:4        Snake (5/5) Lair:4        Slime (0/6) Lair:8
    Orc (4/4) D:11            Elf (3/3) Orc:3

Altars:
Ashenzari
Cheibriados
Dithmenos
Elyvilon
Fedhas
Gozag
Kikubaaqudgha
Makhleb
Nemelex Xobeh
Okawaru
Qazlal
Ru
Sif Muna
Trog
Vehumet
Xom
Yredelemnul
Zin
The Shining One
Beogh

Shops:
Orc:1 :   Orc:4 [!*(   Elf:2 :   Shoals:1 [   Shoals:3 *   Shoals:4 ?
Snake:3 =

Annotations:
Lair:8 exclusion: 3 oklob plants


Innate Abilities, Weirdness & Mutations

You reflexively headbutt those who attack you in melee.
You have a pair of horns on your head.
You tend to lose your temper in combat.
Your body is slowly deteriorating.
You are dopey. (Int -2)
You heal slowly when monsters are visible.
You have difficulty communicating with the divine.


Message History

The Hell Sentinel completely resists.
Your balrug gestures at the Hell Sentinel.
The bolt of fire hits the tentacled monstrosity.
The tentacled monstrosity resists.
The bolt of fire hits the Hell Sentinel.
The Hell Sentinel completely resists.
You hear a roar!
Your balrug barely misses the tentacled monstrosity.
The tentacled monstrosity misses your balrug.
The tentacled monstrosity tentacle-slaps your balrug. x2
The tentacled monstrosity grabs your balrug.
The tentacled monstrosity constricts your balrug!
Your balrug hits the tentacled monstrosity with a demon whip!
The tentacled monstrosity is engulfed in flames!
The tentacled monstrosity resists.
The tentacled monstrosity releases its grip on your balrug.
A small abomination comes into view.
The Hell Sentinel gestures at you.
The hellfire explodes!
The blast of hellfire engulfs you!
You die...

. .##. #x.#..#
..$... . ##..
.##.. ...#...#.
## ##.#.#...
##.#####..#..#.#
.........@....#
##...1###.#.##
.#..#2....#
#..X###.##
#...##.## ..#
#..#.#..##..#
#..#
#........### ...
.#..###......# .
#..####....#.


You could see a Hell Sentinel and a small abomination.

Vanquished Creatures
  Mara (twice) (Shoals:5)
  Norris (Shoals:2)
  A hellephant (Abyss:3)
  2 deep elf master archers (Elf:3)
  A kraken (Shoals:2)
  2 Executioners
  Rupert (Lair:8)
  7 tentacled starspawn
  A shadow dragon (Abyss:1)
  Ilsuiw (Shoals:5)
  11 greater nagas
  Wiglaf (Snake:2)
  A balrug (Abyss:3)
  An orc warlord (Orc:4)
  Gastronok (D:9)
  7 deep elf sorcerers
  3 cacodemons
  A very ugly thing (Abyss:1)
  6 deep elf demonologists
  A rakshasa (Abyss:3)
  5 deep elf annihilators (Elf:3)
  A pale draconian (Abyss:3)
  A lorocyproca (Abyss:3)
  An eidolon (Abyss:3)
  Snorg (Shoals:1)
  A blizzard demon (Snake:2)
  3 merfolk javelineers
  2 deep elf death magi (Elf:3)
  3 deep elf high priests
  6 merfolk impalers
  A minotaur (Lab)
  Fannar (Lair:6)
  4 hydras
  The ghost of WitchHunter the Eclecticist, a powerful DEWz of Qazlal (Shoals:1)
  Harold (Orc:2)
  14 naga warriors
  3 merfolk aquamancers
  2 alligator snapping turtles
  22 anacondas
  14 dancing weapons (Elf:2)
  5 merfolk avatars (Shoals:5)
  A satyr (Shoals:3)
  6 thrashing horrors (Abyss:3)
  9 naga sharpshooters
  3 shock serpents
  2 sun demons (Abyss:3)
  2 wretched stars (Abyss:3)
  3 salamander mystics
  19 deep elf knights
  2 spatial maelstroms
  A flayed ghost (Abyss:3)
  12 deep elf summoners
  2 unseen horrors (Lab)
  2 ice devils
  16 sea snakes
  A shadow demon (Abyss:3)
  5 naga ritualists
  4 ice statues (IceCv)
  A necromancer (IceCv)
  4 hill giants
  11 deep elf conjurers
  2 orc knights (Orc:4)
  18 harpies
  9 manticores
  11 orc sorcerers (Orc:4)
  A worldbinder (Abyss:2)
  8 griffons
  10 fauns
  7 water nymphs
  10 salamanders
  An oklob plant (D:10)
  6 mana vipers
  7 sirens
  3 sixfirhies
  2 cyclopes
  10 elephants
  3 smoke demons
  2 orange demons
  Joseph (D:8)
  A drowned soul (Shoals:5)
  A rust devil (Elf:3)
  11 spiny frogs
  34 black mambas
  8 guardian serpents (Snake:5)
  2 gargoyles
  An apocalypse crab (Abyss:2)
  Psyche (D:10)
  17 naga magi
  7 komodo dragons
  A centaur skeleton (D:10)
  A fire drake (Lair:5)
  7 large abominations
  A hellwing (Elf:1)
  5 ancient zymes
  3 demonic crawlers
  9 deep elf priests
  19 merfolk
  5 trolls
  2 efreet
  2 wandering mushrooms (Lab)
  4 wind drakes
  2 red devils
  13 blink frogs
  6 blue devils
  14 raiju
  A basilisk (Lab)
  6 snapping turtles
  2 minotaur skeletons (Lab)
  4 two-headed ogres
  14 flying skulls
  8 water elementals
  17 deep elf magi
  2 trapdoor spiders (Lab)
  7 redbacks
  3 ynoxinuls
  2 neqoxecs (Abyss:3)
  38 yaks
  Eustachio (D:7)
  8 chaos spawn
  3 tarantellas
  A golden eye (Abyss:3)
  A steam dragon (Lair:7)
  A human (D:7)
  Grum (D:9)
  23 deep elf fighters
  50 nagas
  5 hippogriffs
  5 hungry ghosts
  Edmund (D:6)
  A spatial vortex (Abyss:3)
  10 wargs
  17 wolves
  24 orc warriors
  29 water moccasins
  A wasp (D:10)
  An eye of draining (D:11)
  4 black bears
  3 sky beasts
  13 ogres
  7 porcupines
  19 crocodiles
  A boring beetle (Lair:7)
  6 ice beasts
  A big kobold (D:11)
  8 centaurs
  Blork the orc (D:8)
  15 giant frogs
  2 gnoll sergeants
  A water moccasin zombie (Ossuary)
  12 small abominations
  3 killer bees (D:9)
  A wyvern skeleton (D:10)
  An electric eel (Elf:3)
  4 scorpions
  4 lava snakes (Lab)
  10 wights
  5 crimson imps
  The ghost of Ljcope the Firebug, a weakling HEFE of Vehumet (D:3)
  5 draconian simulacra (IceCv)
  A goliath beetle (D:6)
  15 orc priests
  3 giant frog skeletons
  A jelly (D:11)
  3 quasits
  A giant frog zombie (D:6)
  29 starcursed masses (Abyss:3)
  A centaur zombie (D:5)
  48 orc wizards
  Crazy Yiuf (D:7)
  2 iron imps
  A troll simulacrum (IceCv)
  5 worker ants
  8 hounds
  2 hell rats (Elf:1)
  12 iguanas
  8 sheep
  5 big kobold zombies (Ossuary)
  2 centaur simulacra (IceCv)
  3 hound skeletons
  2 mummies (Ossuary)
  A naga simulacrum (IceCv)
  55 river rats
  2 worker ant zombies
  36 adders
  13 gnolls
  3 giant mites
  An ogre simulacrum (IceCv)
  13 white imps
  4 shadow imps
  6 worms
  2 ufetubi (Abyss:3)
  5 adder zombies (Ossuary)
  3 adder skeletons
  7 giant geckos
  An ooze (D:2)
  189 orcs
  18 bats
  A bat skeleton (D:5)
  A bat zombie (D:7)
  26 goblins
  13 hobgoblins
  16 jackals
  12 quokkas
  5 giant cockroaches
  A giant gecko zombie (D:10)
  3 giant newts
  A gnoll zombie (Ossuary)
  5 hobgoblin zombies (Ossuary)
  A jackal skeleton (D:4)
  A jackal zombie (D:6)
  11 kobolds
  7 kobold zombies (Ossuary)
  2 orc zombies (Ossuary)
  A quokka skeleton (D:4)
  A quokka zombie (D:6)
  13 rats
  A butterfly (D:7)
  2 crawling corpses (Elf:2)
  9 fungi
  18 plants
  11 starspawn tentacles
  2 tentacles (Shoals:2)
  A tentacle segment (Shoals:2)
1629 creatures vanquished.

Vanquished Creatures (collateral kills)
  A bone dragon (Abyss:1)
  Nikola (Elf:2)
  2 deep elf blademasters (Elf:3)
  2 tentacled starspawn (Abyss:1)
  2 deep elf sorcerers (Elf:3)
  3 deep elf demonologists (Elf:3)
  A deep elf death mage (Elf:3)
  A deep elf high priest (Elf:3)
  A merfolk impaler (Shoals:5)
  A rakshasa (Abyss:3)
  2 dancing weapons (Elf:2)
  A shock serpent (Snake:3)
  3 wretched stars
  A naga ritualist (Snake:5)
  A large abomination (Abyss:3)
  An efreet (Abyss:3)
  An ancient zyme (Abyss:3)
  3 small abominations
  5 raiju
  2 yaks (Lair:3)
  A golden eye (Abyss:3)
  2 spatial vortices
  4 starcursed masses (Abyss:3)
  2 ufetubi (Abyss:3)
  2 starspawn tentacles
46 creatures vanquished.

Vanquished Creatures (others)
  An Executioner (Elf:3)
  2 balrugs
  A cacodemon (Abyss:3)
  A green death (Abyss:3)
  A blizzard demon (Elf:3)
  2 sixfirhies
  3 drowned souls (Shoals:5)
  A smoke demon (Abyss:1)
  A neqoxec (Abyss:1)
  A deep elf fighter (Elf:2)
  A naga (Snake:5)
  A quasit (Abyss:1)
  2 lurking horrors (Abyss:3)
  A fungus (Elf:1)
  14 starspawn tentacles
  421 starspawn tentacle segments
  4 tentacles (Shoals:2)
  46 tentacle segments (Shoals:2)
504 creatures vanquished.

Grand Total: 2179 creatures vanquished

Notes
Turn   | Place    | Note
--------------------------------------------------------------
     0 | D:1      | silatar, the Minotaur Fighter, began the quest for the Orb.
     0 | D:1      | Reached XP level 1. HP: 19/19 MP: 1/1
   139 | D:1      | Reached skill level 4 in Armour
   150 | D:1      | Reached XP level 2. HP: 27/27 MP: 1/1
   792 | D:2      | Reached XP level 3. HP: 30/33 MP: 2/2
   884 | D:2      | Reached XP level 4. HP: 24/40 MP: 2/2
  1055 | D:2      | Found a deep blue altar of Sif Muna.
  1059 | D:2      | Identified Sif Muna's Handbook of Displacement
  1063 | D:2      | Found a radiant altar of Vehumet.
  1067 | D:2      | Identified Vehumet's Disquisition on Confrontation
  1071 | D:2      | Found an ancient bone altar of Kikubaaqudgha.
  1075 | D:2      | Identified Kikubaaqudgha's Incunabulum of Sinister Rites
  1360 | D:3      | Reached skill level 5 in Armour
  1360 | D:3      | Reached XP level 5. HP: 47/47 MP: 2/2
  1376 | D:3      | Reached skill level 5 in Shields
  1536 | D:3      | Noticed Ljcope's ghost (weakling HEFE)
  1541 | D:3      | Killed Ljcope's ghost
  2259 | D:4      | Noticed an ogre
  2265 | D:4      | Killed an ogre
  2265 | D:4      | Reached XP level 6. HP: 37/55 MP: 3/3
  2473 | D:4      | Found a white marble altar of Elyvilon.
  2552 | D:4      | Reached skill level 5 in Fighting
  2800 | D:4      | Noticed an ogre
  2807 | D:4      | Killed an ogre
  2807 | D:4      | Reached skill level 5 in Maces & Flails
  2807 | D:4      | Reached skill level 6 in Shields
  2807 | D:4      | Reached XP level 7. HP: 46/61 MP: 3/3
  3175 | D:5      | Entered Level 5 of the Dungeon
  3194 | D:5      | Found a blossoming altar of Fedhas.
  3271 | D:5      | Found a bloodstained altar of Trog.
  3571 | D:5      | Found an iron altar of Okawaru.
  4206 | D:6      | Reached skill level 7 in Armour
  4206 | D:6      | Reached XP level 8. HP: 58/70 MP: 3/3
  4239 | D:6      | Noticed Edmund
  4254 | D:6      | Killed Edmund
  4785 | D:6      | You fall through a shaft for 3 floors!
  4839 | D:7      | Reached skill level 8 in Armour
  4862 | D:7      | Found a staircase to the Ecumenical Temple.
  4895 | D:7      | Found a sand-covered staircase.
  4906 | Ossuary  | Entered an ossuary
  5121 | D:7      | Reached XP level 9. HP: 75/79 MP: 4/4
  5140 | D:7      | Reached skill level 1 in Axes
  5209 | Temple   | Entered the Ecumenical Temple
  5269 | Temple   | Became a worshipper of Makhleb the Destroyer
  5442 | D:7      | Reached skill level 9 in Shields
  5855 | D:7      | Noticed Crazy Yiuf
  5862 | D:7      | Killed Crazy Yiuf
  6080 | D:7      | Noticed Eustachio
  6089 | D:7      | Killed Eustachio
  6316 | D:8      | Acquired Makhleb's first power
  6766 | D:8      | Noticed Blork the orc
  6767 | D:8      | Noticed Joseph
  6776 | D:8      | Killed Blork the orc
  6787 | D:8      | Killed Joseph
  6886 | D:8      | Reached skill level 5 in Axes
  6886 | D:8      | Reached skill level 10 in Shields
  7039 | D:9      | Reached XP level 10. HP: 72/88 MP: 4/4
  7119 | D:9      | Reached skill level 10 in Armour
  7120 | D:9      | Acquired Makhleb's second power
  7404 | D:9      | Noticed Grum
  7422 | D:9      | Killed Grum
  7422 | D:9      | Reached skill level 11 in Shields
  7533 | D:9      | Noticed Gastronok
  7551 | D:9      | Killed Gastronok
  7727 | D:9      | Reached XP level 11. HP: 97/97 MP: 4/4
  7871 | D:9      | Acquired Makhleb's third power
  7920 | D:9      | Noticed a hill giant
  7926 | D:9      | Killed a hill giant
  8039 | D:10     | Entered Level 10 of the Dungeon
  8053 | D:10     | Reached skill level 1 in Invocations
  8113 | D:10     | Found a staircase to the Lair.
  8136 | D:10     | Noticed a hill giant
  8142 | D:10     | Reached skill level 10 in Fighting
  8146 | D:10     | Killed a hill giant
  8157 | Lair:1   | Entered Level 1 of the Lair of Beasts
  8259 | Lair:1   | Found a labyrinth entrance.
  8261 | Lair:1   | Noticed a six-headed hydra
  8271 | Lair:1   | Killed a six-headed hydra
  8271 | Lair:1   | Acquired Makhleb's fourth power
  8330 | Lab      | Entered a labyrinth
  8494 | Lab      | Reached skill level 12 in Shields
  8837 | Lab      | Gained mutation: Your muscles are strong. (Str +2) [potion of mutation]
  8837 | Lab      | Gained mutation: You have a pair of large horns on your head. [potion of mutation]
  8837 | Lab      | Gained mutation: You are partially covered in rugged brown scales (AC +1, +3% HP). [potion of mutation]
  8975 | Lab      | Killed an unseen horror
  9105 | Lab      | Killed an unseen horror
  9384 | Lab      | Noticed a minotaur
  9395 | Lab      | Killed a minotaur
  9395 | Lab      | Reached XP level 12. HP: 49/113 MP: 12/14
  9590 | Lab      | Got a warped helmet
  9605 | Lab      | Identified the Catalogue of Supportive Dislocation (You found it in a labyrinth)
  9750 | Lair:1   | Reached skill level 10 in Axes
 10637 | Lair:2   | Reached skill level 5 in Invocations
 11938 | Lair:3   | Identified 2 scrolls of acquirement
 11958 | Lair:3   | Learned a level 2 spell: Blink
 12067 | Lair:3   | Gained mutation: You have supernaturally acute eyesight. [potion of beneficial mutation]
 12306 | Lair:3   | Reached skill level 1 in Evocations
 12625 | Lair:3   | Acquired Makhleb's fifth power
 12743 | Lair:4   | Found a staircase to the Snake Pit.
 12818 | Lair:4   | Found a staircase to the Shoals.
 12841 | Lair:4   | Found a frozen archway.
 12864 | IceCv    | Entered an ice cave
 13752 | Lair:4   | Reached XP level 13. HP: 121/121 MP: 17/17
 14578 | Lair:5   | Got a pair of faintly humming gloves
 14589 | Lair:5   | Identified the cursed -1 pair of gloves "Brydeb" {Contam +Fly MP+9 Str+3 Int+4} (You found it on level 5 of the Lair of Beasts)
 14742 | Lair:5   | Reached skill level 13 in Shields
 15020 | Lair:5   | Identified the +2 helmet "Zahas" {+Blink Regen+ Stlth-} (You found it in a labyrinth)
 15177 | Lair:5   | Reached skill level 1 in Long Blades
 15190 | Lair:5   | Got a faintly glowing scale mail
 15191 | Lair:5   | Identified the +0 scale mail "Agych" {rElec rPois} (You found it on level 5 of the Lair of Beasts)
 15776 | Lair:6   | Noticed Fannar
 15799 | Lair:6   | Killed Fannar
 15799 | Lair:6   | Reached skill level 10 in Maces & Flails
 16091 | Lair:6   | Gained mutation: Your body is slowly deteriorating. [potion of mutation]
 16091 | Lair:6   | Lost mutation: Your muscles are strong. (Str +2) [potion of mutation]
 16092 | Lair:6   | Lost mutation: You are partially covered in rugged brown scales (AC +1, +3% HP). [potion of cure mutation]
 16092 | Lair:6   | Lost mutation: Your body is slowly deteriorating. [potion of cure mutation]
 16092 | Lair:6   | Lost mutation: You have a pair of large horns on your head. [potion of cure mutation]
 16092 | Lair:6   | Lost mutation: You have supernaturally acute eyesight. [potion of cure mutation]
 16825 | Lair:7   | Found a white marble altar of Elyvilon.
 17234 | Lair:8   | Entered Level 8 of the Lair of Beasts
 17503 | Lair:8   | Found a bloodstained altar of Trog.
 17503 | Lair:8   | Noticed Rupert
 17515 | Lair:8   | Killed Rupert
 17515 | Lair:8   | Reached skill level 14 in Fighting
 17515 | Lair:8   | Reached skill level 5 in Evocations
 17621 | Lair:8   | Reached XP level 14. HP: 125/132 MP: 20/20
 18153 | Lair:8   | Found a staircase to the Slime Pits.
 18257 | Snake:1  | Entered Level 1 of the Snake Pit
 20539 | Snake:2  | Reached skill level 15 in Fighting
 20648 | Snake:2  | Noticed Wiglaf
 20663 | Snake:2  | Killed Wiglaf
 20791 | Snake:2  | Reached skill level 5 in Long Blades
 21127 | Snake:2  | Got a scorched scale mail
 21128 | Snake:2  | Identified the +2 scale mail "Cli Crew" {rCorr Str+3 Dex-5} (You found it on level 2 of the Snake Pit)
 21746 | Snake:3  | Found Woyqucsi's Jewellery Boutique.
 21758 | Snake:3  | Bought an uncursed ring of poison resistance for 280 gold pieces
 21758 | Snake:3  | Bought the ring "Noext" {+Blink +Inv} for 616 gold pieces
 21928 | Snake:3  | Noticed a greater naga
 21941 | Snake:3  | Killed a greater naga
 22496 | Snake:4  | Noticed a greater naga
 22549 | Snake:4  | Reached XP level 15. HP: 143/143 MP: 23/23
 22560 | Snake:4  | Killed a greater naga
 22876 | Snake:4  | Reached skill level 16 in Fighting
 22942 | Snake:4  | Got a bound jade amulet
 22943 | Snake:4  | Identified the amulet "Elywn" {Contam Regen+ MP+9 Int+3} (You found it on level 4 of the Snake Pit)
 23336 | Snake:5  | Entered Level 5 of the Snake Pit
 24075 | Snake:5  | Reached skill level 17 in Fighting
 24140 | Snake:5  | Reached skill level 15 in Shields
 24191 | Snake:5  | Reached XP level 16. HP: 101/155 MP: 25/25
 24382 | Snake:5  | Reached skill level 18 in Fighting
 24382 | Snake:5  | Reached skill level 10 in Invocations
 24406 | Snake:5  | Got a serpentine rune of Zot
 24965 | Shoals:1 | Entered Level 1 of the Shoals
 25017 | Shoals:1 | Noticed Snorg
 25024 | Shoals:1 | Killed Snorg
 25210 | Shoals:1 | Found Stuykk's Antique Armour Shop.
 25313 | Shoals:1 | Noticed WitchHunter's ghost (powerful DEWz)
 25324 | Shoals:1 | Killed WitchHunter's ghost
 25668 | Shoals:2 | Noticed Norris
 25693 | Shoals:2 | Killed Norris
 26115 | Shoals:2 | Reached skill level 15 in Axes
 26258 | Shoals:3 | Reached XP level 17. HP: 166/166 MP: 27/27
 26303 | Shoals:3 | Found Ydal Sma's Assorted Antiques.
 26333 | Shoals:3 | Bought a scroll labeled DARPHA SOFYEQ for 28 gold pieces
 26333 | Shoals:3 | Bought a scroll of teleportation for 84 gold pieces
 26747 | Shoals:3 | Reached skill level 19 in Fighting
 27451 | Shoals:4 | Found Cryangya's Magic Scroll Shoppe.
 27496 | Shoals:4 | Bought a scroll of teleportation for 63 gold pieces
 27496 | Shoals:4 | Bought a scroll of identify for 42 gold pieces
 27496 | Shoals:4 | Bought a scroll of identify for 42 gold pieces
 27797 | Shoals:5 | Entered Level 5 of the Shoals
 27810 | Shoals:5 | Noticed Mara
 27816 | Shoals:5 | Noticed silatar's illusion
 27839 | Shoals:5 | Killed Mara
 27840 | Shoals:5 | Killed Mara
 27861 | Shoals:5 | Noticed Ilsuiw
 27890 | Shoals:5 | Killed Ilsuiw
 28605 | Shoals:5 | Got a warped mace
 28617 | Shoals:5 | Identified the cursed +2 mace "Eviscerator" {venom, Str+3} (You found it on level 5 of the Shoals)
 28667 | Shoals:5 | Got a barnacled rune of Zot
 29220 | D:10     | Noticed a hill giant
 29225 | D:10     | Killed a hill giant
 29447 | D:10     | Noticed Psyche
 29452 | D:10     | Killed Psyche
 30089 | D:11     | Reached skill level 20 in Fighting
 30147 | D:11     | Found a staircase to the Orcish Mines.
 30172 | Orc:1    | Entered Level 1 of the Orcish Mines
 30184 | Orc:1    | Upgraded the game from 0.16-b1-49-gc2c1aff to 0.16-b1-50-gfa2055b
 30695 | Orc:4    | Entered Level 4 of the Orcish Mines
 31206 | Orc:4    | Found Taemesah's Distillery.
 31234 | Orc:4    | Found Blyrein's Antique Armour Boutique.
 31262 | Orc:4    | Found a roughly hewn altar of Beogh.
 31310 | Orc:4    | Found Oshraip's General Store.
 31330 | Orc:4    | Found Semmyreo's Weapon Emporium.
 31529 | Orc:4    | Reached XP level 18. HP: 178/178 MP: 29/29
 31892 | Orc:4    | Bought a glowing buckler for 126 gold pieces
 31892 | Orc:4    | Bought an embroidered cloak for 126 gold pieces
 31908 | Orc:4    | Bought a twisted cloak for 266 gold pieces
 31952 | Orc:4    | Identified the cursed -6 cloak of Summer {rPois rC- Str+4 Int-4 Dex+6} (You bought it in a shop on level 4 of the Orcish Mines)
 32032 | Orc:4    | Bought an uncursed amulet of stasis for 245 gold pieces
 32160 | Orc:2    | Noticed Harold
 32236 | Orc:2    | Killed Harold
 32699 | Orc:1    | Found Quenuima's Book Boutique.
 33161 | Orc:1    | You fall through a shaft!
 33499 | Orc:3    | Found a staircase to the Elven Halls.
 33713 | Elf:1    | Entered Level 1 of the Elven Halls
 33914 | Elf:1    | Identified the Disquisition on Creation (You found it on level 1 of the Elven Halls)
 34500 | Elf:2    | Found Qooggir's One-of-a-Kind Books.
 34850 | Elf:2    | Found a runed gate.
 34851 | Elf:2    | Found a runed gate.
 34851 | Elf:2    | Found a runed gate.
 35029 | Elf:2    | Reached skill level 1 in Unarmed Combat
 35335 | Elf:2    | Cast into the Abyss (scimitar of distortion)
 35508 | Abyss:2  | Got a warped hand axe
 35509 | Abyss:2  | Identified the +5 hand axe of a Thousand Songs {holy, MR++} (You found it on level 2 of the Abyss)
 35692 | Abyss:2  | Paralysed by a chaos spawn for 5 turns
 35744 | Abyss:3  | Found a corrupted altar of Lugonu.
 36165 | Abyss:3  | Reached skill level 21 in Fighting
 36470 | Abyss:3  | Paralysed by accursed screaming for 1 turns
 36557 | Abyss:3  | Gained mutation: You tend to lose your temper in combat. [a neqoxec]
 36608 | Abyss:3  | Paralysed by accursed screaming for 1 turns
 36641 | Abyss:3  | Reached XP level 19. HP: 151/151 MP: 30/30
 36662 | Abyss:3  | Got an abyssal rune of Zot
 36751 | Abyss:3  | Noticed a lich
 36760 | Abyss:3  | Found a deep blue altar of Sif Muna.
 37023 | Abyss:3  | Gained mutation: You do not heal naturally when monsters are visible. [a neqoxec]
 37166 | Elf:2    | Escaped the Abyss
 37280 | Elf:2    | Noticed Nikola
 37293 | Elf:2    | Killed Nikola
 37338 | Elf:2    | Gained mutation: Your body is slowly deteriorating. [mutagenic glow]
 37362 | Elf:2    | Gained mutation: You have difficulty communicating with the divine. [mutagenic glow]
 37640 | Elf:2    | Found a deep blue altar of Sif Muna.
 38001 | Elf:3    | Entered Level 3 of the Elven Halls
 38048 | Elf:3    | Found a runed door.
 39245 | Elf:3    | Gained mutation: You are dopey. (Int -2) [a cacodemon]
 39847 | Elf:3    | Got a glittering lead ring
 39998 | Elf:3    | Identified the ring "Heuph" {Fire Contam MR++} (You took it off a deep elf annihilator on level 3 of the Elven Halls)
 40049 | Elf:3    | Got a steaming bronze ring
 40054 | Elf:3    | Identified the ring "Jeludd" {Fire +Inv MR+ Int-2 Dex+7} (You took it off a deep elf demonologist on level 3 of the Elven Halls)
 40150 | Elf:3    | Identified a +5 rod of the swarm (12/12) (You took it off a deep elf demonologist on level 3 of the Elven Halls)
 40401 | Elf:3    | Got a crude amber ring
 40405 | Elf:3    | Lost intelligence.
 40405 | Elf:3    | Identified the ring "Reit" {rF- rC+ MR+ Str+5 Int-5 SInv} (You took it off a deep elf knight on level 3 of the Elven Halls)
 40448 | Elf:3    | Got a brightly glowing ring mail
 40459 | Elf:3    | Identified the +0 ring mail of Makhleb's Favour {rC+} (You found it on level 3 of the Elven Halls)
 40484 | Elf:3    | Identified the Handbook of the Peculiar Realms
 40501 | Elf:3    | Identified Truw's Collected Works on Summoning and the Rocks
 40530 | Elf:3    | Got a fine flail
 40531 | Elf:3    | Identified the +7 flail "Jaiwie" {distort, Int+4 SInv} (You took it off a deep elf knight on level 3 of the Elven Halls)
 40532 | Elf:3    | Cast into the Abyss (a distortion unwield)
 40553 | Abyss:1  | Reached skill level 22 in Fighting
 40667 | Abyss:1  | Noticed a bone dragon
 40680 | Abyss:1  | Killed a bone dragon
 40686 | Abyss:1  | Killed from afar by a Hell Sentinel

Action                   |  1- 3 |  4- 6 |  7- 9 | 10-12 | 13-15 | 16-18 | 19-21 || total
-------------------------+-------+-------+-------+-------+-------+-------+-------++-------
Melee: Flail             |    65 |   170 |   113 |   128 |     3 |       |       ||   479
       War axe           |       |       |   233 |   394 |   764 |  1014 |    10 ||  2415
       Unarmed           |       |       |       |       |    20 |   181 |       ||   201
       Hand axe          |       |       |       |       |       |   297 |   370 ||   667
       Broad axe         |       |       |       |       |       |       |    41 ||    41
Invok: Major Destruction |       |       |       |     4 |     2 |     1 |       ||     7
       Minor Destruction |       |       |       |     1 |       |       |       ||     1
       Greater Servant o |       |       |       |       |     2 |     5 |    10 ||    17
       Lesser Servant of |       |       |       |       |       |     1 |       ||     1
 Abil: Evoke Blink       |       |       |       |       |     1 |       |     1 ||     2
       Evoke Invisibilit |       |       |       |       |     1 |       |       ||     1
       Evoke Flight      |       |       |       |       |       |    50 |     2 ||    52
Evoke: Wand              |       |       |       |     2 |       |       |       ||     2
       Deck              |       |       |       |       |     1 |       |       ||     1
       Rod               |       |       |       |       |       |       |     2 ||     2
  Use: Scroll            |       |     2 |    15 |    15 |    17 |    16 |    13 ||    78
       Potion            |       |       |       |    13 |     4 |     2 |    14 ||    33
 Stab: Distracted        |       |       |       |     1 |       |     5 |     3 ||     9
       Paralysed         |       |       |       |       |       |     2 |       ||     2
  Eat: Chunk             |       |     6 |    12 |    17 |    30 |    42 |    12 ||   119
       Royal jelly       |       |       |     1 |       |     1 |     1 |       ||     3
       Pizza             |       |       |       |     2 |       |     3 |     1 ||     6
       Meat ration       |       |       |       |     1 |     1 |     1 |     1 ||     4
       Fruit             |       |       |       |       |       |     1 |       ||     1
       Beef jerky        |       |       |       |       |       |     1 |       ||     1
       Bread ration      |       |       |       |       |       |       |     1 ||     1
